Cogmind - Beta 13 X1 @@@ ROGUE MODE // 2023.10.13 @ 19:40:07 Player: f3-rnm Result: Destroyed by X5-T7S(R) with Subdweller Laser Performance ------------- Evolutions (0) 0 Regions Visited (3) 600 Robots Destroyed (35) 175 Value Destroyed (699) 699 Prototype IDs (10) 200 Alien Tech Used (0) 0 Bonus (0) 0 TOTAL SCORE: 1674 Bonus ------- None Cogmind --------- Core Integrity 0/250 Matter 290/300 Energy 100/100 System Corruption 5% Temperature Cool (6) Movement Treading (160) Location -10/Subcaves Parts ------- > --- POWER (1) -------- (None) > --- PROPULSION (2) --- Spiked Treads > --- UTILITY (2) ------ (None) > --- WEAPON (2) ------- Ripper > --- INVENTORY (5) ---- Subdweller Monowheel Subdweller Beam Cannon Bore Cannon Grenade Launcher Peak State ------------ > --- POWER ------------ Ion Engine > --- PROPULSION ------- Aluminum Leg Aluminum Leg > --- UTILITY ---------- Scrap Shield > --- WEAPON ----------- Light Cannon Bore Cannon > --- INVENTORY -------- Heavy Armor Plating EM Pulse Gun Battle Rifle Grenade Launcher [Rating: 14] Favorites ----------- Power Ion Engine Engine Ion Engine Propulsion Light Treads Treads Light Treads Leg Aluminum Leg Utility High-capacity Storage Unit Device Trap Scanner Storage High-capacity Storage Unit Processor Transport Network Coupler Protection Scrap Shield Weapon Assault Rifle Energy Gun Medium Laser Energy Cannon Subdweller Beam Cannon Ballistic Gun Assault Rifle Ballistic Cannon Light Cannon Launcher Grenade Launcher Slashing Weapon Ripper Build | -11 -10 -10 -10 ------- Run | Jun Mat Min Sub Slots Evolved . | . . . . Power . | . . . . Propulsion . | . . . . Utility . | . . . . Weapon . | . . . . Parts Attached 34 | 6 8 11 9 Power 3 | 1 1 1 . Engine 3 | 1 1 1 . Core . | . . . . Reactor . | . . . . Propulsion 10 | 2 2 4 2 Treads 8 | 2 2 2 2 Leg 2 | . . 2 . Wheel . | . . . . Hover . | . . . . Flight . | . . . . Utility 8 | 1 2 2 3 Device 1 | . . 1 . Storage 2 | 1 1 . . Processor 1 | . 1 . . Hackware . | . . . . Protection 4 | . . 1 3 Artifact . | . . . . Weapon 13 | 2 3 4 4 Energy Gun 1 | 1 . . . Energy Cannon 1 | . . . 1 Ballistic Gun 4 | 1 1 1 1 Ballistic Cannon 3 | . . 2 1 Launcher 3 | . 2 1 . Special Weapon . | . . . . Impact Weapon . | . . . . Slashing Weapon 1 | . . . 1 Piercing Weapon . | . . . . Special Melee Weapon . | . . . . Unidentified Prototypes . | . . . . Parts Lost 11 | . 3 2 6 Power 2 | . 1 . 1 Propulsion 6 | . 1 2 3 Utility 1 | . . . 1 Weapon 2 | . 1 . 1 Highest Loss Streak 4 | . 3 1 4 To Critical Strikes . | . . . . Average Slot Usage (%) 87 | . 92 96 75 Engine 13 | . 14 14 13 Treads 17 | . 27 22 1 Leg 9 | . . 5 22 Storage 9 | . 14 14 1 Processor 4 | . 11 . . Protection 6 | . . 10 9 Energy Cannon 1 | . . . 4 Ballistic Gun 8 | . 13 7 4 Ballistic Cannon 7 | . . 12 11 Launcher 5 | . 8 8 . Slashing Weapon 1 | . . . 5 Naked Turns . | . . . . Heaviest Build 60 | 14 48 60 50 Greatest Support 40 | 40 40 40 20 Greatest Overweight (x) 2 | . 2 2 2 Average Overweight (x) . | . . 1 . Largest Inventory Capacity 20 | 8 20 20 20 Average Capacity 13 | 7 14 20 6 Most Carried 20 | 3 20 20 20 Average Carried 12 | 1 11 19 6 Final Capacity 20 | 8 20 20 5 Final Carried 20 | 2 20 20 4 Class Distribution -------------------- 100% | Mutant Dominant Class ---------------- Mutant | -10/Materials Mutant | -10/Mines Mutant | -10/Subcaves Resources | -11 -10 -10 -10 ----------- Run | Jun Mat Min Sub Matter Collected 1267 | 232 326 276 433 Remotely . | . . . . Salvage Created 999 | 61 495 173 270 Parts 72 | 6 34 13 19 Haulers Intercepted 2 | . 2 . . Recyclers Shooed . | . . . . Parts Field Recycled . | . . . . Retrieved Matter . | . . . . Parts Self-Destructed 5 | . . . 5 Prevented . | . . . . Kills | -11 -10 -10 -10 ------- Run | Jun Mat Min Sub Combat Hostiles Destroyed 23 | . 13 4 6 Melee 1 | . . . 1 Guns 10 | . 8 . 2 Cannons 4 | . . 1 3 AOE 8 | . 5 3 . Classes Destroyed 10 | 2 5 1 2 Worker 6 | 2 1 3 . Builder 1 | . 1 . . Tunneler 1 | 1 . . . Hauler 2 | . 2 . . Recycler 1 | . . 1 . Watcher 1 | . 1 . . Swarmer 9 | . 6 3 . Grunt 8 | . 7 1 . Cobbler 2 | . . . 2 Subdweller 6 | . . . 6 Best Kill Streak 4 | 3 4 2 2 Combat Bots Only 3 | . 3 2 2 Max Kills in Single Turn 2 | 1 2 1 1 Gunslinging . | . . . . Exploded 2 | . 2 1 . Melee 1 | . . . 1 Uniques/NPCs Destroyed . | . . . . Combat | -11 -10 -10 -10 -------- Run | Jun Mat Min Sub Damage Taken 1896 | . 609 362 925 Core 254 | . 109 48 97 Absorbed by Shields . | . . . . Core Remaining (%) 100 | 100 . . . Volleys Fired 118 | 4 66 28 20 Largest 2 | 2 2 2 2 Hottest 92 | 70 70 92 92 Shots Fired 184 | 8 105 41 30 Gun 123 | 8 101 7 7 Cannon 51 | . . 28 23 Launcher 10 | . 4 6 . Special . | . . . . Kinetic 124 | 4 68 35 17 Thermal 50 | 4 33 . 13 Explosive 10 | . 4 6 . Electromagnetic . | . . . . Robot Hit Streak 22 | 3 12 5 22 Robot Miss Streak 2 | 2 2 2 1 Penetration Max . | . . . . Secondary Targets 3 | . 3 . . Max Gunslinging Chain 1 | . 1 . . Shots Hit Robots 126 | 5 56 25 40 Core Hits 50 | 3 28 8 11 Critical Kills . | . . . . Critical Parts Destroyed 3 | . . 2 1 Critical Strikes 11 | . 3 4 4 Burn 3 | . 3 . . Destroy 3 | . . 2 1 Blast 2 | . . 2 . Sever 3 | . . . 3 Melee Attacks 36 | . . . 36 Impact . | . . . . Slashing 36 | . . . 36 Piercing . | . . . . Sneak Attacks 5 | . . . 5 Combat Hostiles . | . . . . Follow-up Attacks . | . . . . Damage Inflicted 2858 | 78 970 485 1325 Guns 971 | 78 767 59 67 Cannons 670 | . . 300 370 Explosions 329 | . 203 126 . Melee 888 | . . . 888 Ramming . | . . . . Kinetic 1049 | 39 467 359 184 Thermal 592 | 39 300 . 253 Explosive 329 | . 203 126 . Electromagnetic . | . . . . Impact . | . . . . Slashing 888 | . . . 888 Piercing . | . . . . Highest Corruption 5 | . 5 5 5 Average Corruption 4 | . 4 5 5 Corruption Purged . | . . . . Corruption Blocked . | . . . . Effects 114 | . 29 41 44 Message Errors 32 | . 11 12 9 Matter Fused 36 | . 6 12 18 Heat Flow Errors 5 | . 2 1 2 Energy Discharges 10 | . 4 1 5 Parts Fused 2 | . 1 1 . Data Loss (minor) 10 | . 1 6 3 Data Loss (major) 6 | . 2 2 2 Misfires 8 | . 2 2 4 Alerts 3 | . . 2 1 Weapon Failures 2 | . . 2 . Overload Shots . | . . . . Overflow Damage 20 | . . . 20 Projectiles . | . . . . Explosions . | . . . . Melee 20 | . . . 20 Knockbacks 8 | . . 4 4 Impact . | . . . . Kinetic 8 | . . 4 4 Secondary . | . . . . Self-Inflicted Damage 105 | . 32 73 . Shots 3 | . 1 2 . Rammed . | . . . . Targets Rammed . | . . . . Kicked . | . . . . Crushed . | . . . . Highest Temperature 251 | 18 224 235 251 Average Temperature 82 | 10 95 77 57 Received Heat Transfer 558 | . 294 114 150 Siege Activations . | . . . . Robots Corrupted . | . . . . Combat Hostiles . | . . . . Parts Fried . | . . . . Impact Corruptions . | . . . . Robots Melted . | . . . . Combat Hostiles . | . . . . Parts Melted 2 | 1 . . 1 Heat Transferred 1554 | 111 1110 . 333 Parts Sabotaged . | . . . . Parts Stolen . | . . . . Parts Stripped . | . . . . Power Chain Reactions . | . . . . Missiles Intercepted . | . . . . Alert | -11 -10 -10 -10 ------- Run | Jun Mat Min Sub Peak Influence 247 | 15 247 133 . Initial 9 | . 9 . . Average 54 | 1 70 37 . Maximum Alert Level 1 | . 1 . . Low Security (%) 97 | 100 95 100 . Level 1 2 | . 4 . . Level 2 . | . . . . Level 3 . | . . . . Level 4 . | . . . . Level 5 . | . . . . High Security . | . . . . Max Security . | . . . . Squads Dispatched 2 | . 2 . . Investigation 1 | . 1 . . Extermination . | . . . . Reinforcement 1 | . 1 . . Assault . | . . . . Garrison . | . . . . Intercept . | . . . . Searches Triggered . | . . . . Construction Impeded . | . . . . Haulers Reinforced . | . . . . Active Scanning Responses . | . . . . Cargo Convoy Interrupts . | . . . . Stealth | -11 -10 -10 -10 --------- Run | Jun Mat Min Sub Distress Signals 1 | . 1 . . Communications Jammed . | . . . . Distress Signals . | . . . . Times Spotted 46 | . 27 8 11 Peak Tracking Total 4 | . 4 3 2 Tactical Retreats 5 | . . 3 2 Traps | -11 -10 -10 -10 ------- Run | Jun Mat Min Sub Traps Triggered 8 | . 5 2 1 Indirectly . | . . . . Trap Hack Attempts . | . . . . Triggered . | . . . . Disarmed . | . . . . Reprogrammed . | . . . . Reused . | . . . . Traps Extracted . | . . . . Installed . | . . . . Triggered . | . . . . Machines | -11 -10 -10 -10 ---------- Run | Jun Mat Min Sub Machines Disabled 5 | . 3 1 1 Max in Single Turn 1 | . 1 1 1 Machines Repaired . | . . . . Machines Sabotaged . | . . . . Overloaded Fab Kills . | . . . . Hacking | -11 -10 -10 -10 --------- Run | Jun Mat Min Sub Machines Accessed 6 | . 4 1 1 Terminals 4 | . 4 . . Fabricators . | . . . . Repair Stations . | . . . . Recycling Units . | . . . . Scanalyzers . | . . . . Garrison Access . | . . . . Total Hacks 9 | . 7 1 1 Successful 4 | . 2 1 1 Failed 4 | . 4 . . Catastrophic 2 | . 2 . . Database Lockouts 1 | . 1 . . Manual 6 | . 6 . . Terminals 7 | . 7 . . Fabricators . | . . . . Repair Stations . | . . . . Recycling Units . | . . . . Scanalyzers . | . . . . Garrison Access . | . . . . Terminal Hacks 3 | . 1 1 1 Robot Analysis 1 | . 1 . . Open Door 1 | . . 1 . Derelict Proto ID Bank 1 | . . . 1 Fabricator Hacks . | . . . . Repair Station Hacks . | . . . . Recycling Unit Hacks . | . . . . Scanalyzer . | . . . . Garrison Access Hacks . | . . . . Unauthorized Hacks 1 | . 1 . . Terminals 1 | . 1 . . Assimilate 1 | . 1 . . Fabricators . | . . . . Repair Stations . | . . . . Recycling Units . | . . . . Scanalyzers . | . . . . Garrison Access . | . . . . Data Cores Recovered . | . . . . Used . | . . . . Hacking Detections 3 | . 3 . . Full Trace Events . | . . . . Feedback Events . | . . . . Feedback Blocked . | . . . . Robot Schematics Acquired . | . . . . Robots Built . | . . . . Authchips . | . . . . Time . | . . . . Total Robot Build Rating . | . . . . Part Schematics Acquired . | . . . . Parts Built . | . . . . Authchips . | . . . . Time . | . . . . Total Part Build Rating . | . . . . Parts Repaired . | . . . . Time . | . . . . Parts Recycled . | . . . . Recycled Matter . | . . . . Retrieved Matter . | . . . . Retrieved Components . | . . . . Parts Scanalyzed . | . . . . Part Schematics Acquired . | . . . . Parts Damaged . | . . . . Bothacking | -11 -10 -10 -10 ------------ Run | Jun Mat Min Sub Used RIF Installer . | . . . . Robots Hacked . | . . . . Non-combat . | . . . . Combat . | . . . . Robot Hacks Applied . | . . . . Relay Couplers Released . | . . . . Fabnet Peak Effective % . | . . . . Robots Rewired . | . . . . Allies Hacked . | . . . . Hacks Repelled . | . . . . Allies | -11 -10 -10 -10 -------- Run | Jun Mat Min Sub Total Allies . | . . . . Largest Group . | . . . . Highest-Rated Group . | . . . . Highest-Rated Ally . | . . . . Total Orders . | . . . . Ally Attacks . | . . . . Total Damage . | . . . . Kills . | . . . . Allies Corrupted . | . . . . Allies Melted . | . . . . Intel | -11 -10 -10 -10 ------- Run | Jun Mat Min Sub Robot Analysis Total 1 | . 1 . . Derelict Logs Recovered 2 | . . 1 1 Drone Launches . | . . . . Drone Recoveries . | . . . . Exploration | -11 -10 -10 -10 ------------- Run | Jun Mat Min Sub Turns Passed 5084 | 105 1783 1487 1709 Spaces Moved 2275 | 55 784 563 873 Core 122 | 7 . . 115 Treads 1407 | 48 784 453 122 Legs 746 | . . 110 636 Wheels . | . . . . Hover . | . . . . Flight . | . . . . Fastest Speed 50 | 50 160 240 50 Average Speed 199 | 146 200 243 174 Slowest Speed 320 | 160 320 260 260 Overloaded Moves . | . . . . Propulsion Burnouts . | . . . . Robots Hopped . | . . . . Cave-ins Triggered . | . . . . Exploration Rate (%) 65 | 4 98 98 60 Regions Visited 3 Branch Regions 2 Pre-discovered Areas 3 | . . 1 2 Known Exits Taken . | . . . . Unknown Exits Taken 3 | 1 1 1 . Scrap Searched 5 | . . 1 4 Spaces Dug . | . . . . Terrain Destroyed 75 | . 18 57 . Melee . | . . . . Projectile 5 | . . 5 . AOE 70 | . 18 52 . Terrain Rammed . | . . . . Walls Destroyed . | . . . . Machines Disabled . | . . . . Actions | -11 -10 -10 -10 --------- Run | Jun Mat Min Sub Total 2583 | 72 891 638 982 Wait 65 | . 12 25 28 Move 2272 | 54 783 562 873 Hop . | . . . . Pick Up 42 | 8 22 7 5 Fast Attach 8 | . 3 1 4 Attach 18 | 6 4 5 3 Detach . | . . . . Swap 8 | . 1 5 2 Drop 12 | . . 5 7 Fire 118 | 4 66 28 20 Melee 36 | . . . 36 Ram . | . . . . Kick . | . . . . Crush . | . . . . Escape Stasis . | . . . . Rewire . | . . . . Trap . | . . . . Miscellaneous 4 | . . . 4 Route ------- -11/Junkyard -10/Materials (discovered 6 exits: [*Mat x3] / *Min x2 / *Sub) -10/Mines (discovered 3 exits: [*Mat x2] / *Sub) -10/Subcaves (discovered 1 exit: [*Mat]) History --------- Turn | Location | Event 5 | -11/Junkyard | Discovered new exit (range 16) 106 | -11/Junkyard | Entered Materials 301 | -10/Materials | Build established: Mutant 306 | -10/Materials | Lost 3 parts (1p1n1w) 321 | -10/Materials | Discovered new exit (range 16) 540 | -10/Materials | Central database locked down 596 | -10/Materials | Discovered new exit (range 12) 787 | -10/Materials | Discovered new exit (range 12) 985 | -10/Materials | Discovered new exit (range 16) 1416 | -10/Materials | Discovered new exit (range 8) 1599 | -10/Materials | Discovered new exit (range 9) 1889 | -10/Materials | Entered Mines 2229 | -10/Mines | Discovered new exit (range 12) 2407 | -10/Mines | Core integrity fell below 50% 2494 | -10/Mines | Learned Materials terminal intel 2571 | -10/Mines | A weapon hastily lodged in a ceiling crevice suddenly fell to the ground 2634 | -10/Mines | Received a Rocket Launcher from a helpful Derelict 2679 | -10/Mines | Learned location of Storage (-8) 2937 | -10/Mines | Discovered new exit (range 6) 3048 | -10/Mines | Met a Derelict who couldn't figure out how to use a Trap Extractor 3357 | -10/Mines | Discovered new exit (range 6) 3376 | -10/Mines | Entered Subcaves 3569 | -10/Subcaves | Discovered new exit (range 15) 3690 | -10/Subcaves | Ambushed by Subdwellers from Twisted Machinery 4094 | -10/Subcaves | Visited 4L-MR0's lab 4318 | -10/Subcaves | Learned location of Zion (-6) 4318 | -10/Subcaves | Met a Zionite searching for "candidates" 4640 | -10/Subcaves | Ambushed by angry Subdweller bent on revenge 4767 | -10/Subcaves | Core integrity fell below 20% 4815 | -10/Subcaves | Lost 4 parts (2n1u1w) 5026 | -10/Subcaves | A swath of the cavern ceiling suddenly collapsed 5078 | -10/Subcaves | Disturbed a concealed Subdweller 5085 | -10/Subcaves | Destroyed by X5-T7S(R) with Subdweller Laser Last Messages --------------- 04992_ Lgt. Treads destroyed. 04992_ Critical hit (Impale). 04995_ System corrupted: Substantial component data lost. 05008_ Sneak attack on 7C-P6W(O). 05023_ System corrupted: Component data lost. 05026_ 7C-P6W(O) crushed by falling debris. 05026_ Sub. Machine Gun crushed. A swath of the cavern ceiling suddenly collapses. 05034_ Destroyed Wheel. 05035_ 7C-P6W(O) puts together Sub. Machine Gun. 05046_ JHN/>:VP% QY QR<:NHVQ8GBZDEWN81M9TA 05052_ 7C-P6W(O) cries out in pain. 05052_ 7C-P6W(O) destroyed. 05055_ Acquired 11 matter. 05074_ Searching scrap... 05074_ Found Spk. Treads. 05074_ Found Riot Gun. 05074_ Found 33 Matter. 05075_ Acquired Spk. Treads. 05078_ X5-T7S(R) angrily emerges from the Twisted Machinery. Map ----- +----------------------------------------------------+ | ###### #???????? #???????# ## | | # ##??????? ####?????# | | #?#####?# #????## | | ## ### ### #????## | | # ### ## #???## ## ! | | # ### ## #???# ## ##### | | ## ^ # #???# ##### ##???## | | ?## ### ##???# ###???####?????## | | ??## ## ##?# #??## ##??????????????# | | ???######### ####?## #### #????## ???????#### | | ???????????####????# # ## #????? ????###""" | | ???????????????????# #??????? ####" "#" | | ???????????????????# # # # #?????????""#" #### | | ???????????????????######### #????????? #"##""#" | | ??????????????????????????# ##?????#? #"#"[""" | | ??????????????????????????# #?????? ""#"#"##" | | ??????????????????????##??## ?#?? ##"""#"""" | | ??????????????????????# #?## #?# """"##"#"" | | ??????????????????????# ## ??? ## "#"####""# | | ??????????????????????? =###?? ## #"?###### | | ??????????????????###??# #???? ## ???????# | | ??????????????????# #### ###?? ?????### | | ??????????????????# "# #< # ##? ?????## | | ??????????????????#%&# ## ## #?????# | | ??????????????????#"[# #< ### ## ???????# | | ??????????????????## "##@ ## ### ????????# | | ???????????????????### R ####??####### | | ?????????????# ### ###### ## | | ???????# | | ????????# ## ## | | ??????? ### ### ## # ## | | ???????? ## #??# #?## ############# | | ???????? ??# ???## #??## ##???????????# | | ????????? ???# ##????#####???###???????????? | | ????????? ????# ????????????????????????????# # | | ???????????????# ?????????????????????????????### | | ???????????????## ???????????????????????????????? | | ????????????????#????????????????????????????????? | | ?????????????????????????????????????????????????? | | ?????????????????????????????????????????????????? | | ?????????????????????????????????????????????????? | | ?????????????????????????????????????????????????? | | ?????????????????????????????????????????????????? | | ?????????????????????????????????????????????????? | | ?????????????????????????????????????????????????? | | ?????????????????????????????????????????????????? | | ?????????????????????????????????????????????????? | | ?????????????????????????????????????????????????? | | ?????????????????????????????????????????????????? | | ?????????????????????????????????????????????????? | +----------------------------------------------------+ Best States ------------- Heat Dissipation 25 Energy Generation 10 Energy Capacity 250 Matter Stores 300 Matter Capacity 300 Sight Range 16 Terrain Scan Density 10 Armor Coverage 800 Evasion (%) 50 Recoil Reduction 2 Item Schematics ----------------- None Robot Schematics ------------------ None Fabricated ------------ Nothing Alien Tech Used ----------------- None Achievements -------------- None Challenges ------------ None Game ------ Seed HelicalTerrabombNeutralizer Manual? 0 Play Time 00:19:51 Cumulative 96.2 hours Start 2023.10.13 @ 19:18:08 End 2023.10.13 @ 19:40:07 Sessions 1 Manual Loads 0 Difficulty Rogue Special Mode None Game No. 98 Rogue 62 Adventurer 36 Explorer 0 Win Type - Total 7 Types 2/0/5/0/0/0/0/0/0 Lore% 50 Gallery% 71 Achievement% 60 Wizard Run 0 Options --------- ASCII 0 Keyboard 0 Movement Mouse Keybinds 0 Fullscreen 1 Font 18/SmallcapsGlow Map View 76x50 Tactical HUD 1 Map Filters NONE Filters NONE Steam 1 RUN: 0e38a9ed-1c76-44c0-bba2-2fd03d63729c